AoeStats
← 精锐蒙古突骑

Arena

509605553Analyzed
2v2 RM · 4d ago on Sep 27, 2026· 42m 42s· 4 players
Game mode
Random Map
Map size
Medium (4 player)
Population
200
Speed
Normal
Resources
Standard
Victory
Conquest
Starting age
Dark Age
Ending age
Imperial Age
RankedLock teamsTeams togetherTeam positionsShared explorationLock speedFull tech treeHidden civsTurbo modeCheats
Victory
Defeat
🇩🇪 Bohemians · Germany
1626
+5
🇮🇹 Turks · Italy
1477
+9
🇦🇷 Celts · Argentina
1328
-7
1327
-7
Dude_Magnus
10:01 Feudal Age
10:07 Feudal Age
14:29 Castle Age
13:19 Double-Bit Axe
16:38 Bow Saw
19:00 Loom
25:26 Horse Collar
38:13 Scale Barding Armor
38:19 Bloodlines
39:17 Town Watch
MBeezyPineapple
6:03 Loom
10:09 Feudal Age
11:22 Horse Collar
14:00 Castle Age
12:23 Double-Bit Axe
14:13 Loom
15:03 Bow Saw
16:55 Fervor
18:59 Wheelbarrow
21:10 Hand Cart
21:07 Heavy Plow
25:15 Scale Mail Armor
28:06 Imperial Age
26:30 Chain Mail Armor
26:42 Forging
27:33 Chemistry
26:57 Pikeman
27:38 Squires
28:15 Halberdier
29:20 Conscription
31:37 Plate Mail Armor
31:04 Town Watch
31:05 Loom
31:44 Sanctity
31:32 Padded Archer Armor
31:39 Wagenburg Tactics
33:23 Iron Casting
32:55 Fletching
33:44 Ballistics
34:25 Leather Archer Armor
35:21 Town Patrol
36:23 Blast Furnace
37:13 Bodkin Arrow
37:56 Masonry
38:23 Guilds
40:27 Two-Man Saw
39:50 Bracer
40:21 Ring Archer Armor
41:38 Architecture
41:13 Murder Holes
42:25 Siege Engineers
42:53 Fortified Wall
我没医保我不上
12:23 Feudal Age
13:43 Double-Bit Axe
16:17 Castle Age
14:23 Horse Collar
15:29 Loom
17:45 Bow Saw
19:47 Fortified Wall
24:08 Wheelbarrow
26:44 Heavy Plow
29:22 Town Watch
31:50 Forging
31:41 Scale Mail Armor
33:17 Iron Casting
35:37 Gold Mining
36:46 Hand Cart
37:16 Gold Shaft Mining
40:13 Imperial Age
40:19 Elite Woad Raider
40:22 Capped Ram
精锐蒙古突骑
3:41 Double-Bit Axe
10:52 Feudal Age
14:30 Castle Age
12:18 Horse Collar
13:25 Bow Saw
16:52 Light Cavalry
20:33 Wheelbarrow
20:56 Husbandry
20:16 Cavalier
22:21 Scale Barding Armor
22:26 Forging
24:31 Chain Barding Armor
25:58 Hand Cart
26:33 Iron Casting
26:44 Gold Mining
29:53 Fletching
30:26 Ballistics
30:18 Fortified Wall
30:18 Masonry
33:04 Imperial Age
30:11 Elite Skirmisher
31:39 Bodkin Arrow
31:45 Padded Archer Armor
35:42 Loom
35:43 Town Watch
36:40 Paladin
37:44 Stone Mining
38:30 Gold Shaft Mining
41:44 Blast Furnace
Connection lost

Rejoining the realm…

Still unreachable

The connection could not be restored.

Session expired

The server has moved on; the page needs a fresh start.